 Dungeon Crawl Stone Soup version 0.24.0-123-gd5b16e6ec5 (webtiles) character file.

Game seed: 276126764989284180, levelgen mode: deterministic

16412 FishyPogo the Martial Artist (level 12, -2/91 HPs)
             Began as a Gnoll Transmuter on Dec 17, 2019.
             Was a High Priest of Qazlal.
             Slain by a six-headed hydra (14 damage)
             ... on level 13 of the Dungeon on Dec 18, 2019.
             The game lasted 00:55:49 (11383 turns).

FishyPogo the Martial Artist (Gnoll Transmuter)    Turns: 11383, Time: 00:55:52

Health: -2/91      AC:  5    Str: 10    XL:     12   Next: 37%
Magic:  23/24      EV: 31    Int: 16    God:    Qazlal [*****.]
Gold:   446        SH:  6    Dex: 26    Spells: 14/28 levels left

rFire    x . .     SeeInvis +     - Unarmed
rCold    + . .     Gourm    .   (shield currently unavailable)
rNeg     + . .     Faith    .   (armour currently unavailable)
rPois    .         Spirit   .   (helmet currently unavailable)
rElec    .         Reflect  .   (cloak currently unavailable)
rCorr    .         Harm     .   (gloves currently unavailable)
MR       .....                  (boots currently unavailable)
Stlth    ++........             H - amulet of regeneration
HPRegen  0.65/turn              F - ring "Fac Nik" {Ice rPois rN+ Str-4 Dex+2}
MPRegen  0.19/turn              K - ring of see invisible

@: spider-form (expiring), protected from physical damage, starving, repel
missiles
A: tiny, distributed training, strong nose
a: End Transformation, Upheaval, Elemental Force, Disaster Area, Renounce
Religion


You were on level 13 of the Dungeon.
You worshipped Qazlal.
Qazlal was extremely pleased with you.
You were starving.
You were a venomous arachnid creature.
You visited 2 branches of the dungeon, and saw 14 of its levels.

You collected 628 gold pieces.
You spent 182 gold pieces at shops.

Inventory:

Hand Weapons
 n - a +4 whip
 U - a +5 falchion of freezing
Missiles
 a - 130 arrows
 e - 350 stones
 q - 4 javelins
 w - 25 boomerangs (quivered)
 I - 3 atropa-tipped darts
 J - 5 boomerangs of dispersal
Armour
 v - a +0 helmet (melded)
 z - a +0 cloak (melded)
 B - the +6 scale mail "Sowyarph" (melded) {-Tele rF+ rN+}
   (You found it on level 5 of the Dungeon)

   It protects you from fire.
   It protects you from negative energy.
   It prevents most forms of teleportation.
 P - the +1 robe "Ytwiho" {rPois rC- Int+9}
   (You bought it in a shop on level 10 of the Dungeon)

   It affects your intelligence (+9).
   It makes you vulnerable to cold.
   It protects you from poison.
Jewellery
 b - an uncursed ring of fire
 F - the ring "Fac Nik" (left front leg) {Ice rPois rN+ Str-4 Dex+2}
   (You found it on level 6 of the Dungeon)

   [ring of ice]

   It enhances your ice magic.
   It affects your strength (-4).
   It affects your dexterity (+2).
   It makes you vulnerable to fire.
   It protects you from cold.
   It protects you from poison.
   It protects you from negative energy.
 H - an amulet of regeneration (around neck)
 K - a ring of see invisible (right front leg)
 L - an uncursed ring of resist corrosion
 X - an uncursed ring of wizardry {unknown}
Wands
 m - a wand of disintegration (11)
 t - a wand of enslavement (6)
 E - a wand of random effects (18)
 M - a wand of paralysis (8)
 Q - a wand of flame (20)
Scrolls
 c - 4 scrolls of teleportation {unknown}
 h - 4 scrolls of identify
 l - 5 scrolls of blinking {unknown}
 r - 2 scrolls of magic mapping {unknown}
 x - a scroll of fear {unknown}
 y - 3 scrolls of fog {unknown}
 A - a scroll of immolation
 C - 2 scrolls of amnesia {unknown}
 D - 4 scrolls of remove curse
 N - a scroll of enchant weapon {unknown}
 O - a scroll of silence {unknown}
 S - 2 scrolls of brand weapon {unknown}
 V - a scroll of acquirement {unknown}
 W - a scroll of enchant armour {unknown}
Potions
 f - 2 potions of magic
 g - 2 potions of haste
 i - 4 potions of lignification
 j - 4 potions of mutation
 k - a potion of might
 o - 2 potions of curing
 p - a potion of berserk rage
 s - a potion of flight
 u - 3 potions of agility
 G - a potion of heal wounds
 R - 3 potions of brilliance
 T - a potion of invisibility
Comestibles
 d - 27 rations


   Skills:
 + Level 7.6 Fighting
 + Level 7.1 Short Blades
 + Level 7.1 Long Blades
 + Level 7.1 Axes
 + Level 7.1 Maces & Flails
 + Level 7.1 Polearms
 + Level 7.1 Staves
 + Level 7.1 Slings
 + Level 7.1 Bows
 + Level 7.1 Crossbows
 + Level 7.1 Throwing
 + Level 7.1 Armour
 + Level 8.5 Dodging
 + Level 7.1 Stealth
 + Level 7.1 Shields
 + Level 9.7 Unarmed Combat
 + Level 8.8 Spellcasting
 + Level 5.9 Conjurations
 + Level 5.9 Hexes
 + Level 5.9 Charms
 + Level 5.9 Summonings
 + Level 5.9 Necromancy
 + Level 5.9 Translocations
 + Level 7.1 Transmutations
 + Level 5.9 Fire Magic
 + Level 5.9 Ice Magic
 + Level 5.9 Air Magic
 + Level 5.9 Earth Magic
 + Level 5.9 Poison Magic
 + Level 7.8 Invocations
 + Level 7.1 Evocations


You had 14 spell levels left.
You knew the following spells:

 Your Spells              Type           Power        Failure   Level  Hunger
a - Sandblast             Erth           ####..       4%          1    None
c - Mephitic Cloud        Conj/Pois/Air  ####....     10%         3    #......
k - Olgreb's Toxic Radia  Pois           ####....     22%         4    ###....
n - Sticks to Snakes      Tmut           ####....     4%          2    None
u - Spider Form           Tmut/Pois      ####......   9%          3    #......
y - Beastly Appendage     Tmut           ####..       3%          1    None

Your spell library contained the following spells:

 Spells                   Type           Power        Failure   Level  Hunger
 Confusing Touch          Hex            ####..       4%          1    None
 Sting                    Conj/Pois      ####         4%          1    None
 Passwall                 Tmut/Erth      ####....     5%          2    None
 Poisonous Vapours        Pois/Air       ####..       6%          2    None
 Confuse                  Hex            ####....     10%         3    #......
 Gell's Gravitas          Tloc           ####......   10%         3    #......
 Stone Arrow              Conj/Erth      ####..       10%         3    #......
 Ice Form                 Ice/Tmut       #####...     19%         4    ###....
 Petrify                  Tmut/Erth      ####....     19%         4    ###....
 Blade Hands              Tmut           ####......   34%         5    #####..
 Yara's Violent Unravell  Hex/Tmut       ####......   41%         5    #####..
 Bolt of Magma            Conj/Fire/Erth ####......   47%         5    #####..
 Iskenderun's Battlesphe  Conj/Chrm      ####....     47%         5    #####..
 Lee's Rapid Deconstruct  Erth           ####......   47%         5    #####..
 Metabolic Englaciation   Hex/Ice        #####.....   47%         5    #####..
 Venom Bolt               Conj/Pois      ####......   47%         5    #####..
 Iron Shot                Conj/Erth      ####......   92%         6    ######.
 Orb of Destruction       Conj           ####......   100%        7    #######
 Spellforged Servitor     Conj/Summ      ####......   100%        7    #######


Dungeon Overview and Level Annotations

Branches:
Dungeon (13/15)            Temple (1/1) D:5            Lair (0/6) D:10
    Orc (0/2) D:10
 Vaults: D:13-14

Altars:
Ashenzari
Cheibriados
Dithmenos
Elyvilon
Fedhas
Gozag
Hepliaklqana
Kikubaaqudgha
Makhleb
Nemelex Xobeh
Okawaru
Qazlal
Ru
Sif Muna
Trog
Uskayaw
Vehumet
Wu Jian
Xom
Yredelemnul
Zin
The Shining One
Beogh

Shops:
D:4 *   D:10 [

Annotations:
D:10 3 runed translucent doors, Okhaekh's ghost, novice FoEE
D:11 3 runed translucent doors


Innate Abilities, Weirdness & Mutations

Your experience applies equally to all skills.
((You have very sharp teeth.))
Your uncanny sense of smell can sniff out nearby items.


Message History

The six-headed hydra is almost dead.
You hear an angry buzzing noise.
The six-headed hydra bites you!
* * * LOW HITPOINT WARNING * * *
The six-headed hydra bites you.
* * * LOW HITPOINT WARNING * * *
The six-headed hydra misses you.
The six-headed hydra completely misses you.
The six-headed hydra bites you!
* * * LOW HITPOINT WARNING * * *
The six-headed hydra completely misses you.
You hear an angry buzzing noise.
You bite the six-headed hydra!
The six-headed hydra is almost dead.
Your transformation is almost over.
A vampire mosquito comes into view.
You block the six-headed hydra's attack.
The six-headed hydra completely misses you.
The six-headed hydra bites you!
You die...

##### #...#
#...# #...#....#
#...#....####
#...#.......
#...#...... .
#s..#....# ...
#D###....#∆
.....#y#......#
..c...cyy..D...#
..########.....#
#.....##
#......#
#......#### #
##.........#####


You could see a six-headed hydra, a centaur warrior and 3 vampire mosquitoes.

Vanquished Creatures
  Erolcha (D:9)
  3 two-headed ogres
  A centaur warrior (D:10)
  The ghost of Name63 the Covert, a novice DEWz of Sif Muna (D:9)
  2 unseen horrors
  2 orc knights (D:10)
  An ugly thing (D:12)
  A cyclops (D:11)
  2 gargoyles (D:12)
  A komodo dragon (D:10)
  A troll (D:10)
  Prince Ribbit (D:8)
  2 hornets
  A hippogriff (D:10)
  A shadow (D:10)
  A vampire (D:11)
  2 wyverns (D:8)
  A human (D:7)
  6 yaks
  3 hogs (D:7)
  A hungry ghost (D:12)
  A water moccasin (D:11)
  Duvessa (D:6)
  6 orc warriors
  5 sky beasts
  3 ice beasts
  2 black bears
  2 phantoms
  2 centaurs
  5 ogres
  2 necrophages
  A big kobold (D:8)
  6 bullfrogs
  Dowan (D:6)
  A wyvern zombie (D:11)
  2 scorpions
  8 wights
  3 howler monkeys
  An electric eel (D:6)
  3 jellies
  7 crimson imps
  10 orc priests
  5 hounds
  A bullfrog zombie (D:10)
  17 orc wizards
  3 bullfrog skeletons
  3 iguanas
  9 worker ants
  A killer bee zombie (D:8)
  A hound zombie (D:6)
  A hound skeleton (D:5)
  A howler monkey skeleton (D:5)
  4 worker ant zombies
  3 gnolls (D:8)
  15 adders
  A shadow imp (D:7)
  2 adder zombies
  3 adder skeletons
  3 worms
  A dart slug (D:1)
  9 leopard geckos
  56 orcs
  A ball python (D:2)
  9 giant cockroaches
  16 goblins
  6 hobgoblins
  22 jackals
  6 kobolds
  A quokka (D:5)
  9 bats
  8 frilled lizards
  A giant cockroach zombie (D:6)
  A jackal skeleton (D:3)
  A jackal zombie (D:3)
  A leopard gecko skeleton (D:4)
  3 quokka zombies
  11 rats
  A spectral orc (D:6)
343 creatures vanquished.

Vanquished Creatures (collateral kills)
  A phantom (D:7)
  A bullfrog (D:7)
2 creatures vanquished.

Vanquished Creatures (others)
  A plant (D:10)
1 creature vanquished.

Grand Total: 346 creatures vanquished

Notes
Turn   | Place    | Note
-------+----------+-------------------------------------------
     0 | D:1      | FishyPogo the Gnoll Transmuter began the quest for the Orb.
     0 | D:1      | Reached XP level 1. HP: 17/17 MP: 6/6
    54 | D:1      | Reached XP level 2. HP: 7/23 MP: 5/7
   192 | D:1      | Reached XP level 3. HP: 15/28 MP: 7/9
   197 | D:1      | Learned a level 3 spell: Spider Form
   220 | D:1      | Reached skill level 5 in Spellcasting
   509 | D:2      | Reached skill level 1 in Invocations
   666 | D:2      | Found a stormy altar of Qazlal.
   668 | D:2      | Noticed a fire elemental
   668 | D:2      | Noticed a water elemental
   669 | D:2      | Noticed an earth elemental
   669 | D:2      | Noticed an air elemental
   674 | D:2      | Became a worshipper of Qazlal Stormbringer
   686 | D:2      | Reached skill level 1 in Short Blades
   686 | D:2      | Reached skill level 1 in Long Blades
   686 | D:2      | Reached skill level 1 in Axes
   686 | D:2      | Reached skill level 1 in Maces & Flails
   686 | D:2      | Reached skill level 1 in Polearms
   686 | D:2      | Reached skill level 1 in Staves
   686 | D:2      | Reached skill level 1 in Slings
   686 | D:2      | Reached skill level 1 in Bows
   686 | D:2      | Reached skill level 1 in Crossbows
   686 | D:2      | Reached skill level 1 in Throwing
   686 | D:2      | Reached skill level 1 in Armour
   686 | D:2      | Reached skill level 1 in Stealth
   686 | D:2      | Reached skill level 1 in Shields
   686 | D:2      | Reached skill level 1 in Evocations
   728 | D:2      | Reached XP level 4. HP: 24/34 MP: 7/11
  1290 | D:3      | Reached skill level 1 in Conjurations
  1290 | D:3      | Reached skill level 1 in Hexes
  1290 | D:3      | Reached skill level 1 in Charms
  1290 | D:3      | Reached skill level 1 in Summonings
  1290 | D:3      | Reached skill level 1 in Necromancy
  1290 | D:3      | Reached skill level 1 in Translocations
  1290 | D:3      | Reached skill level 1 in Fire Magic
  1290 | D:3      | Reached skill level 1 in Ice Magic
  1290 | D:3      | Reached skill level 1 in Air Magic
  1290 | D:3      | Reached skill level 1 in Earth Magic
  1290 | D:3      | Reached skill level 1 in Poison Magic
  1366 | D:3      | Reached XP level 5. HP: 38/40 MP: 5/12
  1412 | D:3      | Reached * piety under Qazlal
  1958 | D:3      | Reached ** piety under Qazlal
  2312 | D:4      | Reached XP level 6. HP: 39/47 MP: 9/13
  2355 | D:4      | Reached skill level 5 in Dodging
  2580 | D:4      | Found a bloodstained altar of Trog.
  2664 | D:4      | Found a hazy altar of Hepliaklqana.
  2810 | D:4      | Reached XP level 7. HP: 37/52 MP: 12/15
  2926 | D:4      | Found Ceynof's General Store.
  2954 | D:4      | Reached skill level 7 in Unarmed Combat
  3195 | D:5      | Entered Level 5 of the Dungeon
  3505 | D:5      | Found a staircase to the Ecumenical Temple.
  3520 | D:5      | Got a translucent scale mail
  3527 | Temple   | Entered the Ecumenical Temple
  3813 | D:5      | Reached *** piety under Qazlal
  3951 | D:5      | Found a white marble altar of Elyvilon.
  4061 | D:5      | Reached XP level 8. HP: 57/60 MP: 16/16
  4319 | D:6      | Got a warped ivory ring
  4320 | D:6      | Identified the ring "Fac Nik" {Ice rPois rN+ Str-4 Dex+2}
                  | (You found it on level 6 of the Dungeon)
  4364 | D:6      | Found an iron altar of Okawaru.
  4364 | D:6      | Noticed Duvessa
  4370 | D:6      | Noticed Dowan
  4376 | D:6      | Killed Duvessa
  4382 | D:6      | Killed Dowan
  4581 | D:6      | Reached **** piety under Qazlal
  4724 | D:6      | Found a white marble altar of Elyvilon.
  5135 | D:6      | Reached XP level 9. HP: 47/66 MP: 16/18
  5205 | D:6      | Found a basalt altar of Yredelemnul.
  5219 | D:6      | Reached skill level 5 in Transmutations
  5239 | D:6      | Found a glowing silver altar of Zin.
  5616 | D:6      | Found a glowing golden altar of the Shining One.
  5786 | D:7      | Reached skill level 5 in Fighting
  5936 | D:7      | Reached skill level 8 in Unarmed Combat
  6001 | D:7      | Reached skill level 5 in Invocations
  6029 | D:7      | Paralysed by an orc wizard for 6 turns
  6062 | D:7      | Found a glowing silver altar of Zin.
  6302 | D:7      | Reached XP level 10. HP: 56/74 MP: 20/20
  6390 | D:7      | Learned a level 1 spell: Sandblast
  6812 | D:8      | Identified the +6 scale mail "Sowyarph" {-Tele rF+ rN+}
                  | (You found it on level 5 of the Dungeon)
  6823 | D:8      | Noticed a two-headed ogre
  6823 | D:8      | Noticed a two-headed ogre
  7364 | D:8      | Reached skill level 5 in Short Blades
  7364 | D:8      | Reached skill level 5 in Long Blades
  7364 | D:8      | Reached skill level 5 in Axes
  7364 | D:8      | Reached skill level 5 in Maces & Flails
  7364 | D:8      | Reached skill level 5 in Polearms
  7364 | D:8      | Reached skill level 5 in Staves
  7364 | D:8      | Reached skill level 5 in Slings
  7364 | D:8      | Reached skill level 5 in Bows
  7364 | D:8      | Reached skill level 5 in Crossbows
  7364 | D:8      | Reached skill level 5 in Throwing
  7364 | D:8      | Reached skill level 5 in Armour
  7364 | D:8      | Reached skill level 5 in Stealth
  7364 | D:8      | Reached skill level 5 in Shields
  7364 | D:8      | Reached skill level 5 in Evocations
  7444 | D:8      | Killed a two-headed ogre
  7495 | D:8      | Found a sacrificial altar of Ru.
  7603 | D:8      | Noticed Prince Ribbit
  7623 | D:8      | Killed Prince Ribbit
  7668 | D:8      | Killed a two-headed ogre
  8305 | D:9      | Reached XP level 11. HP: 81/82 MP: 22/22
  8319 | D:9      | Found a runed translucent door.
  8319 | D:9      | Noticed Name63's ghost (novice DEWz)
  8342 | D:9      | Noticed Erolcha
  8361 | D:9      | Killed Erolcha
  8541 | D:9      | Reached skill level 9 in Unarmed Combat
  8735 | D:9      | Found a sparkling altar of Nemelex Xobeh.
  8735 | D:9      | Found a shimmering blue altar of Sif Muna.
  8813 | D:10     | Entered Level 10 of the Dungeon
  8824 | D:10     | Reached skill level 5 in Conjurations
  8824 | D:10     | Reached skill level 5 in Hexes
  8824 | D:10     | Reached skill level 5 in Charms
  8824 | D:10     | Reached skill level 5 in Summonings
  8824 | D:10     | Reached skill level 5 in Necromancy
  8824 | D:10     | Reached skill level 5 in Translocations
  8824 | D:10     | Reached skill level 5 in Fire Magic
  8824 | D:10     | Reached skill level 5 in Ice Magic
  8824 | D:10     | Reached skill level 5 in Air Magic
  8824 | D:10     | Reached skill level 5 in Earth Magic
  8824 | D:10     | Reached skill level 5 in Poison Magic
  8980 | D:10     | Found Elex's Antique Armour Shop.
  8984 | D:10     | Bought a sheer robe for 182 gold pieces
  8994 | D:10     | Identified the +1 robe "Ytwiho" {rPois rC- Int+9} (You
                  | bought it in a shop on level 10 of the Dungeon)
  9039 | D:10     | Noticed a centaur warrior
  9054 | D:10     | Killed a centaur warrior
  9069 | D:10     | Learned a level 2 spell: Sticks to Snakes
  9210 | D:10     | Found a roughly hewn altar of Beogh.
  9210 | D:10     | Found a staircase to the Orcish Mines.
  9210 | D:10     | Noticed an orc knight
  9210 | D:10     | Noticed an orc knight
  9226 | D:10     | Killed an orc knight
  9389 | D:10     | Killed an orc knight
  9478 | D:10     | Noticed Okhaekh's ghost (novice FoEE)
  9481 | D:10     | Found a runed translucent gate.
  9482 | D:10     | Found a runed translucent gate.
  9482 | D:10     | Found a runed translucent gate.
  9640 | D:10     | Found a staircase to the Lair.
  9812 | D:9      | Killed Name63's ghost
  9876 | D:11     | Noticed a cyclops
  9891 | D:10     | Noticed an unseen horror
  9901 | D:10     | Killed an unseen horror
  9950 | D:11     | Killed a cyclops
  9950 | D:11     | Reached XP level 12. HP: 48/91 MP: 21/24
 10093 | D:11     | You fall into a shaft and drop 1 floor!
 10126 | D:12     | Reached ***** piety under Qazlal
 10254 | D:12     | Noticed a two-headed ogre
 10273 | D:12     | Killed a two-headed ogre
 10409 | D:12     | Learned a level 3 spell: Mephitic Cloud
 10414 | D:12     | Learned a level 4 spell: Olgreb's Toxic Radiance
 10576 | D:11     | Found a runed translucent gate.
 10576 | D:11     | Found a runed translucent gate.
 10576 | D:11     | Found a runed translucent gate.
 10581 | D:11     | Noticed a purple very ugly thing
 10725 | D:11     | Found a shadowy altar of Dithmenos.
 11364 | D:13     | Noticed a centaur warrior
 11364 | D:13     | Noticed a six-headed hydra
 11383 | D:13     | Slain by a six-headed hydra

Levels and vault maps discovered:
D:1:      scummos_arrival_simple_crosswalls, layout_rooms
D:2:      layout_loops_ring, nicolae_qazlal_style_of_elements
D:3:      layout_loops_corners, first_ration, serial_undead, serial_undead_c,
          serial_undead_a, serial_undead_f, serial_undead_c
D:4:      cheibrodos_quashed, layout_basic, overflow_temple_1_default,
          lightli_temple_of_fire, serial_shops, shop, minmay_distorted
D:5:      layout_basic, minmay_temple_entry_sparse_star, basic_altar
D:6:      cheibrodos_helix_gallery, layout_layer_cave,
          yredelemnul_forgotten_temple_becter, tso_oasis_becter,
          marbit_many_paths, kennysheep_mini, okawaru_ov_weapons_minmay,
          uniq_duvessa
D:7:      layout_basic, basic_altar, grunt_livestock
D:8:      layout_gridville, basic_altar, chequers_decorated_corner, minmay_bent,
          uniq_prince_ribbit1
D:9:      layout_long_grid, gammafunk_temple_overflow_statue,
          ebering_ghost_reflecting_pool, uniq_erolcha
D:10:     layout_loops_ring, david_lair_shrubbed, david_orc_5,
          gammafunk_ghost_necromancy, serial_shops, shop
D:11:     layout_rooms, serial_curves, eino_curves_02, eino_curves_02,
          ploomutoo_gammafunk_ghost_potion_laboratory,
          grunt_dithmenos_smoke_and_mirrors
D:12:     layout_irregular_city, grunt_ministairs_10,
          hangedman_abyss_or_decor_stagger
D:13:     layout_irregular_city
Temple:   eino_temple_water

Skill      XL: |  1  2  3  4  5  6  7  8  9 10 11 12 |
---------------+-------------------------------------+-----
Spellcasting   | 5 6 7 8 |  8.8
Invocations    | 1 2 3 4 5 6 7 |  7.8
Short Blades   | 1 2 3 4 5 6 7 |  7.1
Long Blades    | 1 2 3 4 5 6 7 |  7.1
Axes           | 1 2 3 4 5 6 7 |  7.1
Maces & Flails | 1 2 3 4 5 6 7 |  7.1
Polearms       | 1 2 3 4 5 6 7 |  7.1
Staves         | 1 2 3 4 5 6 7 |  7.1
Slings         | 1 2 3 4 5 6 7 |  7.1
Bows           | 1 2 3 4 5 6 7 |  7.1
Crossbows      | 1 2 3 4 5 6 7 |  7.1
Throwing       | 1 2 3 4 5 6 7 |  7.1
Armour         | 1 2 3 4 5 6 7 |  7.1
Stealth        | 1 2 3 4 5 6 7 |  7.1
Shields        | 1 2 3 4 5 6 7 |  7.1
Evocations     | 1 2 3 4 5 6 7 |  7.1
Conjurations   | 1 2 3 4 5 |  5.9
Hexes          | 1 2 3 4 5 |  5.9
Charms         | 1 2 3 4 5 |  5.9
Summonings     | 1 2 3 4 5 |  5.9
Necromancy     | 1 2 3 4 5 |  5.9
Translocations | 1 2 3 4 5 |  5.9
Fire Magic     | 1 2 3 4 5 |  5.9
Ice Magic      | 1 2 3 4 5 |  5.9
Air Magic      | 1 2 3 4 5 |  5.9
Earth Magic    | 1 2 3 4 5 |  5.9
Poison Magic   | 1 2 3 4 5 |  5.9
Fighting       | 3 4 5 6 7 |  7.6
Transmutations | 4 5 6 7 |  7.1
Dodging        | 5 6 7 8 |  8.5
Unarmed Combat | 7 8 9 |  9.7

Action                   |  1- 3 |  4- 6 |  7- 9 | 10-12 || total
-------------------------+-------+-------+-------+-------++-------
Melee: Unarmed           |    96 |   171 |   312 |   470 ||  1049
       Kick              |     6 |    16 |    42 |    17 ||    81
       Bite              |     8 |    18 |    24 |    16 ||    66
       Headbutt          |     2 |       |       |       ||     2
       Punch             |     2 |     7 |     5 |    11 ||    25
       Whip              |       |       |    45 |   153 ||   198
Throw: Stone             |       |       |    20 |     4 ||    24
       Boomerang         |       |       |       |     4 ||     4
 Cast: Beastly Appendage |     8 |     5 |    14 |    11 ||    38
       Spider Form       |     6 |    10 |    20 |    39 ||    75
       Sandblast         |       |       |       |     2 ||     2
Invok: Upheaval          |       |     2 |       |     1 ||     3
       Elemental Force   |       |       |     1 |       ||     1
 Abil: End Transformatio |       |       |       |     1 ||     1
  Use: Potion            |     1 |       |       |     1 ||     2
       Scroll            |       |       |       |    13 ||    13
 Stab: Sleeping          |     3 |     3 |       |       ||     6
       Confused          |       |       |       |     2 ||     2
  Eat: Chunk             |       |     8 |    12 |    16 ||    36
Armor: Robe              |     5 |    16 |    26 |     2 ||    49
       Skin              |       |     2 |     6 |     9 ||    17
       Scale mail        |       |       |       |    45 ||    45
Dodge: Dodged            |    53 |   120 |   216 |   438 ||   827
       Deflected         |       |       |     3 |     5 ||     8
Block: Other             |       |     6 |    44 |   114 ||   164
